 Dungeon Sprint DCSS version 0.27.1-34-g3ba077fa99 (webtiles) character file.

Game seed: 4251008832011720414

571621 Groucho the Intangible (level 23, 65/201 HPs)
             Began as a Djinni Hedge Wizard on Jan 24, 2022.
             Was a High Priest of Qazlal.
             Escaped with the Orb!
             The game lasted 00:36:36 (8869 turns).

Groucho the Intangible (Djinni Hedge Wizard)        Turns: 8869, Time: 00:36:36

Health: 65/201     AC: 38    Str: 28    XL:     23   Next: 11%
Gold:   1835       EV: 15    Int: 17    God:    Qazlal [*****.] SH: 45 Dex: 17

rFire    + + +     SeeInvis +   B - +6 shillelagh "Devastator" {shatter}
rCold    + . .     Faith    .   D - +18 shield of the Gong {rElec rN+ Will+ EV-5}
rNeg     + + .     Spirit   .   i - +9 gold dragon scales
rPois    ∞         Reflect  .   c - +0 hat
rElec    +         Harm     .   (no cloak)
rCorr    +         Rampage  .   Q - +1 pair of gloves of Dithmenos's Respect {Str+2 SInv}
Will     +++++     Clarity  +   (boots unavailable) Stlth ..........NoTele +
                                H - amulet of the Four Winds {rN+ Will+++ Clar}
HPRegen  0.43/turn              z - ring of Fipagats {rC+ rCorr Str+6}
MPRegen  0.00/turn              N - ring "Neicuut" {+Blink Will+++ Str+6}

@: flying, studying 3 skills, repel missiles
A: sickness immunity, fire resistance 2, cold vulnerability 1, float, innate
caster, hp casting, extra vitality 1
0: Orb of Zot
a: Renounce Religion, Evoke Blink, Upheaval, Elemental Force, Disaster Area


You escaped.
You worshipped Qazlal.
Qazlal was extremely pleased with you.
You visited 1 branch You collected 1835 gold pieces.

Inventory:

Hand Weapons
 a - the +6 Majin-Bo {vamp, MP+6 Int+6}
   (You found it in the Dungeon)

   It occasionally heals its wielder for a portion of the damage dealt when they
   wound a living foe with it or with a spell.
   Its wielder's spells cost health as well as magical power.
   Int:       It affects your intelligence (+6).
   MP:        It affects your magic capacity (+6).
 v - the +11 broad axe "Ypodgh" {spect, Will+}
   (You found it in the Dungeon)

   When its wielder attacks, the weapon's spirit leaps out and strikes again.
   The spirit shares a part of any damage it takes with its wielder.
   Will:      It increases your willpower.
 B - the +6 shillelagh "Devastator" (weapon) {shatter}
   (You found it in the Dungeon)

   It releases a powerful concussive burst when it strikes, dealing extra damage
   to the target and all other foes adjacent to them.
Armour
 b - the +0 pair of fencer's gloves {Riposte Dex+3}
   (You found it in the Dungeon)

   It allows the wearer to riposte with any weapon, or to riposte more often
   with a long blade, swiftly retaliating against a missed attack.
   Dex:       It affects your dexterity (+3).
 c - a +0 hat (worn)
 i - +9 gold dragon scales (worn)
 A - the +10 tower shield of Ignorance {rN+ Int-4}
   (You found it in the Dungeon)

   Int:       It affects your intelligence (-4).
   rN:        It protects you from negative energy.
 C - the +15 Maxwell's patent armour {-Cast -Tele rElec Will+ rCorr}
   (You found it in the Dungeon)

   rElec:     It insulates you from electricity.
   -Cast:     It prevents spellcasting.
   -Tele:     It prevents most forms of teleportation.
   rCorr:     It protects you from acid and corrosion.
   Will:      It increases your willpower.
 D - the +18 shield of the Gong (worn) {rElec rN+ Will+ EV-5}
   (You found it in the Dungeon)

   It is deafeningly noisy when blocking attacks.
   EV:        It affects your evasion (-5).
   rElec:     It insulates you from electricity.
   rN:        It protects you from negative energy.
   Will:      It increases your willpower.
 J - the +3 robe of Clouds {+Thunder rCloud rElec}
   (You found it in the Dungeon)

   It can be evoked to surround the wearer with storm clouds, with success rate
   depending on Evocations skill.
   rElec:     It insulates you from electricity.
 Q - the +1 pair of gloves of Dithmenos's Respect (worn) {Str+2 SInv}
   (You found it in the Dungeon)

   Str:       It affects your strength (+2).
   SInv:      It lets you see invisible.
Jewellery
 w - an amulet of reflection
 y - the ring of Lady Luck {rF+ Int+3 Dex+6}
   (You took it off a fire giant in the Dungeon)

   [ring of dexterity]

   Int:       It affects your intelligence (+3).
   Dex:       It affects your dexterity (+6).
   rF:        It protects you from fire.
 z - the ring of Fipagats (left hand) {rC+ rCorr Str+6}
   (You found it in the Dungeon)

   [ring of strength]

   Str:       It affects your strength (+6).
   rC:        It protects you from cold.
   rCorr:     It protects you from acid and corrosion.
 H - the amulet of the Four Winds (around neck) {rN+ Will+++ Clar}
   (You found it in the Dungeon)

   [amulet of nothing]

   rN:        It protects you from negative energy.
   Clar:      It protects you against confusion.
   Will:      It greatly increases your willpower.
 I - a ring of ice
 K - the ring "Jiotruh" {rPois rC+ Int+6}
   (You found it in the Dungeon)

   [ring of intelligence]

   Int:       It affects your intelligence (+6).
   rC:        It protects you from cold.
   rPois:     It protects you from poison.
 N - the ring "Neicuut" (right hand) {+Blink Will+++ Str+6}
   (You found it in the Dungeon)

   [ring of strength]

   Str:       It affects your strength (+6).
   +Blink:    It lets you blink.
   Will:      It greatly increases your willpower.
 P - a ring of wizardry
 R - the ring "Qus Tor" {rN+ rCorr Str+4 SInv}
   (You found it in the Dungeon)

   [ring of see invisible]

   Str:       It affects your strength (+4).
   rN:        It protects you from negative energy.
   SInv:      It lets you see invisible.
   rCorr:     It protects you from acid and corrosion.
 T - the ring "Plog" {EV+4 Dex+4}
   (You found it in the Dungeon)

   [ring of evasion]

   EV:        It affects your evasion (+4).
   Dex:       It affects your dexterity (+4).
 V - the ring "Ypheyps" {rF+ rN+ Will+ Str+3}
   (You found it in the Dungeon)

   [ring of willpower]

   Str:       It affects your strength (+3).
   rF:        It protects you from fire.
   rN:        It protects you from negative energy.
   Will:      It increases your willpower.
 W - a ring of fire
 X - the ring of Cowardice {rF++ Will+}
   (You took it off a deep elf master archer in the Dungeon)

   [ring of willpower]

   rF:        It greatly protects you from fire.
   Will:      It increases your willpower.
 Y - the amulet "Teir Toraest" {Acrobat Dex+4}
   (You took it off a deep elf archer in the Dungeon)

   [amulet of the acrobat]

   It increases your evasion while moving and waiting.
   Dex:       It affects your dexterity (+4).
 Z - the ring "Irribyoh" {rCorr Str+4 Stlth+}
   (You found it in the Dungeon)

   [ring of resist corrosion]

   Str:       It affects your strength (+4).
   rCorr:     It protects you from acid and corrosion.
   Stlth:     It makes you more stealthy.
Wands
 s - a wand of mindburst (7)
 t - a wand of iceblast (7)
 u - a wand of acid (7)
Scrolls
 h - 4 scrolls of blinking
 o - 8 scrolls of fog
 p - 4 scrolls of holy word
 q - 5 scrolls of identify
 r - 2 scrolls of fear
 x - 12 scrolls of enchant weapon
 M - 2 scrolls of brand weapon
Potions
 d - 10 potions of curing
 f - 14 potions of haste
 g - 3 potions of berserk rage
 j - 2 potions of brilliance
 k - 2 potions of invisibility
 l - 4 potions of resistance
 n - 8 potions of might
Miscellaneous
 E - a piece from Xom's chessboard (15/15)
 F - a piece from Xom's chessboard (15/15)
 G - a piece from Xom's chessboard (15/15)
 L - a piece from Xom's chessboard (15/15)
 S - a piece from Xom's chessboard (15/15)


   Skills:
 O Level 27 Fighting
 + Level 22.9 Maces & Flails
 O Level 27 Armour
 O Level 27 Dodging
 - Level 1.5 Stealth
 O Level 27 Shields
 + Level 21.5 Spellcasting
 O Level 27 Invocations


You had 2 spell levels left.
You knew the following spells:

 Your Spells              Type           Power      Damage    Failure   Level
a - Magic Dart            Conj           100%       1d8       0%          1
b - Blink                 Tloc           N/A        N/A       0%          2
c - Call Imp              Summ           75%        N/A       0%          2
d - Slow                  Hex            75%        N/A       0%          2
e - Conjure Flame         Conj/Fire      75%        6-21      0%          3
f - Mephitic Cloud        Conj/Pois/Air  75%        N/A       0%          3
g - Beastly Appendage     Tmut           100%       N/A       0%          1
h - Passwall              Tmut/Erth      62%        N/A       0%          2
i - Wereblood             Tmut           75%        N/A       0%          2
j - Call Canine Familiar  Summ           75%        N/A       0%          3
k - Summon Ice Beast      Ice/Summ       75%        N/A       1%          4
l - Manifold Assault      Tloc           75%        N/A       1%          5
m - Simulacrum            Ice/Necr       37%        N/A       1%          6
n - Spellforged Servitor  Conj/Summ      37%        N/A       1%          7
o - Invisibility          Hex            37%        N/A       1%          6
p - Monstrous Menagerie   Summ           37%        N/A       1%          7
q - Ozocubu's Refrigerat  Ice            37%        4d12      1%          7
Your spell library was empty.

Dungeon Overview and Level Annotations

Branches:
Dungeon (1/1)

Altars:
Ashenzari
Cheibriados
Dithmenos
Elyvilon
Fedhas
Gozag
Hepliaklqana
Kikubaaqudgha
Makhleb
Nemelex Xobeh
Okawaru
Qazlal
Ru
Sif Muna
Trog
Uskayaw
Vehumet
Wu Jian
Xom
Yredelemnul
Zin
The Shining One
Beogh
Jiyva
Lugonu


Innate Abilities, Weirdness & Mutations

You are immune to sickness and miasma.
You are immune to poison.
Your flesh is very heat resistant. (rF++)
You are vulnerable to cold. (rC-)
You float through the air rather than walking.
You learn spells naturally, not from books.
Your magical power is your life essence.
You have superior vitality. (+4 HP)


Message History

Press: ? - help, Dir - move target, f/p - Tzitzimitl
Aim: a Tzitzimitl (heavily wounded)
The ground shakes violently, spewing rubble!
The blast of rubble hits the Tzitzimitl!
The Tzitzimitl is heavily wounded.
Unknown command.
Unknown command.
Aiming: Upheaval
Press: ? - help, Dir - move target, f/p - Tzitzimitl
Aim: a Tzitzimitl (lava, heavily wounded)
A blizzard blasts the area with ice!
The blast of ice hits the Tzitzimitl!
The Tzitzimitl partially resists.
The Tzitzimitl is severely wounded.
The Tzitzimitl is flash-frozen.
The Tzitzimitl calls on the powers of darkness!
Your body is wracked with pain!
* * * LOW HITPOINT WARNING * * *
You feel much better.
Aiming: Upheaval
Press: ? - help, Dir - move target, f/p - Tzitzimitl
Aim: a Tzitzimitl (heavily wounded, encased in ice)
A storm cloud blasts the area with cutting wind!
The cutting wind hits the Tzitzimitl!!
The Tzitzimitl is almost dead.
The Tzitzimitl is no longer encased in ice.
Unknown command.
Aiming: Upheaval
Press: ? - help, Dir - move target, f/p - Tzitzimitl
Aim: a Tzitzimitl (almost dead) Magma suddenly erupts from the ground!
The blast of magma engulfs the Tzitzimitl!!!
You kill the Tzitzimitl!
Qazlal accepts your kill.
Unknown command.
You now have 1835 gold pieces (gained 1081).
You feel more experienced!
You have reached level 23!
The power to cast Ozocubu's Refrigeration wells up from within.
Spell assigned to 'q'.
You have escaped!

.....)......▓..▓.......▓..▓...8©8
............▓.▓▓▓.....▓▓▓.▓..|}}.
............▓..▓.......▓..▓..):=)
............▓.............▓..).))
............▓......©......▓......
............▓▓▓▓▓▓▓▓▓▓▓▓▓▓▓......
▓.......▓...▓8888888888888▓......
▓▓.....▓▓▓..▓8.°°°....≈≈.8▓..▓...
▓.......▓...▓8..@[..≈)©≈.8▓.▓....
............▓8..○.☼≈≈≈.≈.8▓....©.
....©.......▓8888888888888▓▓▓▓▓▓▓
▓▓▓▓▓▓▓▓▓▓▓▓▓▓▓▓▓▓▓▓▓▓▓▓▓▓▓▓▓▓▓▓▓
:....8©8.:.....)▓........8©8.....
..:(}[.:.):.....▓.=))}=).=).|")=.
.(()))=)..(..[..▓.)[.|:))})[}.[.}
.=..[..:..).....▓.|).:.[).)=.})..
....)........[..▓.....)..........


There were no monsters in sight!

Vanquished Creatures
  A seraph (D)
  A juggernaut (shapeshifter) (D)
  A golden dragon (shapeshifter) (D)
  2 pandemonium lords (D)
  2 Tzitzimimeh (D)
  A glowing shapeshifter (D)
  6 electric golems (D)
  2 liches (D)
  2 Hell Sentinels (D)
  2 titans (shapeshifter) (D)
  12 deep elf master archers (D)
  9 quicksilver dragons (D)
  A quicksilver dragon (shapeshifter) (D)
  17 titans (D)
  4 deep elf blademasters (D)
  2 acid blobs (D)
  A rockslime (shapeshifter) (D)
  A shadow dragon (D)
  9 storm dragons (D)
  4 azure jellies (D)
  A shadow dragon (shapeshifter) (D)
  3 rockslimes (D)
  2 nagarajas (D)
  2 daevas (D)
  2 fenstrider witches (shapeshifter) (D)
  7 deep elf sorcerers (D)
  8 fire giants (D)
  A fire giant (shapeshifter) (D)
  4 frost giants (D)
  2 iron dragons (D)
  An emperor scorpion (shapeshifter) (D)
  5 reapers (D)
  A deep elf elementalist (D)
  3 quicksilver oozes (D)
  14 stone giants (D)
  A white draconian (shapeshifter) (D)
  6 deep elf annihilators (D)
  12 ettins (D)
  5 merfolk javelineers (D)
  9 deep elf high priests (D)
  3 crystal guardians (D)
  A green death (D)
  4 merfolk impalers (D)
  A fire dragon (D)
  3 great orbs of eyes (D)
  A great orb of eyes (shapeshifter) (D)
  14 vault guards (D)
  3 merfolk avatars (D)
  3 ice dragons (D)
  2 alligator snapping turtles (D)
  4 hydras (D)
  15 spriggan air magi (D)
  An anaconda (D)
  2 merfolk aquamancers (D)
  3 two-headed ogres (shapeshifter) (D)
  A death scarab (D)
  A satyr (shapeshifter) (D)
  A spriggan berserker (D)
  5 dancing weapons (D)
  A hell knight (D)
  2 death yaks (D)
  An orc high priest (D)
  An iron golem (D)
  9 deep elf knights (D)
  An iron troll (shapeshifter) (D)
  A flayed ghost (D)
  A swamp dragon (D)
  2 sea snakes (shapeshifter) (D)
  A skeletal warrior (D)
  2 death drakes (D)
  2 spriggan druids (D)
  2 glowing orange brains (shapeshifter) (D)
  A sea snake (D)
  A lindwurm (shapeshifter) (D)
  2 deep elf archers (D)
  A harpy (D)
  4 necromancers (D)
  An orc knight (D)
  An orb spider (shapeshifter) (D)
  5 deep elf zephyrmancers (D)
  A mana viper (shapeshifter) (D)
  4 deep elf pyromancers (D)
  3 wolf spiders (shapeshifter) (D)
  A faun (shapeshifter) (D)
  2 orc sorcerers (D)
  3 manticores (shapeshifter) (D)
  3 shining eyes (D)
  10 cyclopes (D)
  2 moths of wrath (shapeshifter) (D)
  3 manticores (D)
  3 water nymphs (D)
  2 cyclopes (shapeshifter) (D)
  3 guardian serpents (D)
  A moth of wrath (D)
  2 black mambas (D)
  A black mamba (shapeshifter) (D)
  4 gargoyles (D)
  A naga mage (D)
  3 eyes of devastation (D)
  2 rust devils (D)
  4 cane toads (D)
  A cane toad (shapeshifter) (D)
  2 eyes of devastation (shapeshifter) (D)
  3 hellions (D)
  2 rime drakes (D)
  An unseen horror (shapeshifter) (D)
  2 freezing wraiths (D)
  2 rime drakes (shapeshifter) (D)
  2 yaktaurs (D)
  An ice devil (D)
  2 komodo dragons (D)
  2 tormentors (D)
  A guardian mummy (D)
  A red devil (D)
  3 jumping spiders (D)
  A polar bear (shapeshifter) (D)
  5 merfolk (D)
  A raiju (shapeshifter) (D)
  10 wind drakes (D)
  A polar bear (D)
  17 slime creatures (D)
  2 blink frogs (D)
  A snapping turtle (shapeshifter) (D)
  A dream sheep (shapeshifter) (D)
  2 dream sheep (D)
  A redback (shapeshifter) (D)
  2 shadows (D)
  2 water elementals (D)
  A vampire (D)
  9 air elementals (D)
  A tarantella (D)
  A tarantella (shapeshifter) (D)
  A spriggan (shapeshifter) (D)
  3 yaks (D)
  5 wyverns (D)
  A hog (shapeshifter) (D)
  A golden eye (D)
  A basilisk (D)
  3 fire elementals (D)
  2 humans (shapeshifter) (D)
  A large abomination (D)
  2 steam dragons (D)
  2 neqoxecs (D)
  A chaos spawn (D)
  3 swamp worms (shapeshifter) (D)
  A warg (D)
  4 acid dragons (D)
  A small abomination (D)
  4 nagas (D)
  8 water moccasins (D)
  4 hell hounds (D)
  A floating eye (D)
  A floating eye (shapeshifter) (D)
  2 swamp drakes (D)
  2 black bears (shapeshifter) (D)
  4 ice beasts (D)
  3 orc warriors (D)
  3 necrophages (D)
  An ogre (D)
  2 phantoms (D)
  5 scorpions (D)
  3 earth elementals (D)
  3 wights (D)
  A crimson imp (D)
  A quasit (D)
  An orc priest (D)
  4 iron imps (D)
  3 jellies (D)
  4 mummies (D)
  A gnoll (D)
  3 adders (D)
  A shadow imp (D)
  2 white imps (D)
  5 adder zombies (D)
  An adder skeleton (D)
  An adder simulacrum (D)
  An endoplasm (D)
  A ball python (D)
  2 ball python skeletons (D)
  5 ball python zombies (D)
  A giant cockroach zombie (D)
  A jackal skeleton (D)
  A jackal zombie (D)
  2 quokka skeletons (D)
  2 quokka zombies (D)
542 creatures vanquished.

Vanquished Creatures (others)
  A large abomination (D)
  A small abomination (D)
2 creatures vanquished.

Grand Total: 544 creatures vanquished

Notes
Turn   | Place    | Note
-------+----------+-------------------------------------------
     0 | D        | Groucho the Djinni Hedge Wizard began the quest for the
                  | Orb.
     0 | D        | Reached XP level 1. HP: 15/15 MP: 0/0
     4 | D        | Found a blossoming altar of Fedhas.
     4 | D        | Found the +6 Majin-Bo {vamp, MP+6 Int+6}
     4 | D        | Found the +9 heavy crossbow "Sniper" {vorpal, Acc+∞ SInv}
     4 | D        | Found the +10 dark maul {vorpal}
     4 | D        | Found the +15 Maxwell's patent armour {-Cast -Tele rElec
                  | Will+ rCorr}
     4 | D        | Found the +18 shield of the Gong {rElec rN+ Will+ EV-5}
     4 | D        | Found the +14 obsidian axe {vorpal, Mesm Drain Fly SInv}
     4 | D        | Found the +7 great mace "Firestarter" {inner flame, rF++}
     4 | D        | Found the +6 shillelagh "Devastator" {shatter}
     4 | D        | Found the +11 plutonium sword {Contam Stlth-}
     4 | D        | Found the +8 lance "Wyrmbane" {slay drac, rPois rF+ rC+
                  | AC+3}
     4 | D        | Found the +9 sword of Zonguldrok {reap}
     4 | D        | Found the +13 scythe of Curses {drain, Drain}
     4 | D        | Found the +5 sword of Power {vorpal}
     4 | D        | Found the +7 mace of Variability {chain chaos}
     4 | D        | Found the +7 Singing Sword {vorpal, sonic wave}
     4 | D        | Found the +8 storm bow {elec, penet}
     6 | D        | Found a sacrificial altar of Ru.
     6 | D        | Found a bloodstained altar of Trog.
     6 | D        | Found a stormy altar of Qazlal.
     6 | D        | Found an iron altar of Okawaru.
     6 | D        | Found a sparkling altar of Nemelex Xobeh.
     8 | D        | Found a transporter.
     8 | D        | Found a viscous altar of Jiyva.
     8 | D        | Found a corrupted altar of Lugonu.
     8 | D        | Found a hazy altar of Hepliaklqana.
     8 | D        | Found a burning altar of Makhleb.
     8 | D        | Found an opulent altar of Gozag.
    39 | D        | Became a worshipper of Qazlal Stormbringer
   108 | D        | Entered arena 2.
   108 | D        | Noticed a phantom
   108 | D        | Noticed a wight
   108 | D        | Found a transporter.
   116 | D        | Killed a wight
   117 | D        | Reached XP level 2. HP: 15/21 MP: 0/0
   117 | D        | Reached XP level 3. HP: 18/25 MP: 0/0
   117 | D        | Learned a level 1 spell: Beastly Appendage
   118 | D        | Killed a phantom
   119 | D        | Reached skill level 5 in Dodging
   119 | D        | Reached XP level 4. HP: 23/31 MP: 0/0
   119 | D        | Reached XP level 5. HP: 25/35 MP: 0/0
   119 | D        | Learned a level 2 spell: Passwall
   373 | D        | Entered arena 3.
   373 | D        | Found a transporter.
   376 | D        | Reached * piety under Qazlal
   603 | D        | Entered arena 4.
   603 | D        | Noticed a necrophage
   603 | D        | Noticed a necrophage
   603 | D        | Noticed a phantom
   603 | D        | Found a transporter.
   609 | D        | Killed a necrophage
   609 | D        | Reached ** piety under Qazlal
   609 | D        | Killed a necrophage
   610 | D        | Reached XP level 6. HP: 40/40 MP: 0/0
   613 | D        | Reached *** piety under Qazlal
   614 | D        | Reached XP level 7. HP: 45/45 MP: 0/0
   614 | D        | Learned a level 2 spell: Wereblood
   626 | D        | Entered arena 5.
   626 | D        | Noticed a jumping spider
   626 | D        | Noticed a jumping spider
   626 | D        | Noticed a tarantella
   626 | D        | Found a transporter.
   631 | D        | Killed a tarantella
   631 | D        | Killed a jumping spider
   631 | D        | Killed a jumping spider
   632 | D        | Reached XP level 8. HP: 45/50 MP: 0/0
   640 | D        | Got the ring "Yzigo" {Wiz rPois rC- Str+7}
   744 | D        | Entered arena 6.
   744 | D        | Noticed a jumping spider
   744 | D        | Found a transporter.
   745 | D        | Reached **** piety under Qazlal
   746 | D        | Reached skill level 10 in Dodging
   756 | D        | Killed a jumping spider
   757 | D        | Reached XP level 9. HP: 55/55 MP: 0/0
   757 | D        | Learned a level 3 spell: Call Canine Familiar
   871 | D        | Entered arena 7.
   873 | D        | Reached ***** piety under Qazlal
  1033 | D        | Found a transporter.
  1047 | D        | Entered arena 8.
  1047 | D        | Noticed a rime drake
  1049 | D        | Reached skill level 10 in Armour
  1049 | D        | Reached skill level 10 in Shields
  1049 | D        | Reached skill level 10 in Invocations
  1054 | D        | Killed a rime drake
  1057 | D        | Found a transporter.
  1279 | D        | Entered arena 9.
  1282 | D        | Found a transporter.
  1286 | D        | Reached XP level 10. HP: 60/60 MP: 0/0
  1287 | D        | Reached ****** piety under Qazlal
  1306 | D        | Entered arena 10.
  1306 | D        | Noticed an ice devil
  1306 | D        | Noticed a freezing wraith
  1306 | D        | Noticed a freezing wraith
  1309 | D        | Killed a freezing wraith
  1309 | D        | Killed a freezing wraith
  1310 | D        | Killed an ice devil
  1313 | D        | Found a transporter.
  1336 | D        | Entered arena 11.
  1336 | D        | Found the +3 robe of Clouds {+Thunder rCloud rElec}
  1336 | D        | Noticed a death scarab
  1337 | D        | Found a transporter.
  1338 | D        | Killed a death scarab
  1351 | D        | Got the amulet "Caxt" {RegenMP Fragile rF+++ Str+4 Slay-4}
  1370 | D        | Entered arena 12.
  1370 | D        | Noticed a moth of wrath
  1370 | D        | Noticed an orc sorcerer
  1372 | D        | Noticed an orc knight
  1372 | D        | Killed a moth of wrath
  1372 | D        | Killed an orc sorcerer
  1373 | D        | Reached XP level 11. HP: 59/65 MP: 0/0
  1373 | D        | Learned a level 4 spell: Summon Ice Beast
  1373 | D        | Identified the ring "Uraot" {Str+3 SInv}
  1377 | D        | Killed an orc knight
  1667 | D        | Found a transporter.
  1697 | D        | Entered arena 13.
  1697 | D        | Noticed a necromancer
  1697 | D        | Noticed a necromancer
  1697 | D        | Noticed a necromancer
  1697 | D        | Noticed a necromancer
  1698 | D        | Killed a necromancer
  1698 | D        | Killed a necromancer
  1698 | D        | Killed a necromancer
  1698 | D        | Killed a necromancer
  1704 | D        | Found a transporter.
  1710 | D        | Got the ring "Neicuut" {+Blink Will+++ Str+6}
  1721 | D        | Entered arena 14.
  1721 | D        | Noticed a deep elf knight
  1721 | D        | Noticed a deep elf annihilator
  1722 | D        | Noticed a +0 battleaxe of holy wrath
  1722 | D        | Noticed a deep elf annihilator
  1722 | D        | Noticed a deep elf master archer
  1722 | D        | Noticed a deep elf zephyrmancer
  1722 | D        | Noticed a deep elf zephyrmancer
  1722 | D        | Noticed a deep elf knight
  1724 | D        | Killed a deep elf zephyrmancer
  1724 | D        | Killed a deep elf knight
  1724 | D        | Killed a deep elf annihilator
  1724 | D        | Killed a deep elf annihilator
  1724 | D        | Killed a deep elf knight
  1724 | D        | Killed a deep elf zephyrmancer
  1724 | D        | Noticed a deep elf sorcerer
  1725 | D        | Reached skill level 15 in Dodging
  1725 | D        | Reached XP level 12. HP: 69/84 MP: 0/0
  1726 | D        | Killed a deep elf master archer
  1726 | D        | Noticed a deep elf high priest
  1728 | D        | Killed a deep elf sorcerer
  1730 | D        | Killed a deep elf high priest
  1876 | D        | Found a transporter.
  1928 | D        | Entered arena 15.
  1928 | D        | Noticed a hell knight
  1929 | D        | Noticed a flayed ghost
  1930 | D        | Found the +10 tower shield of Ignorance {rN+ Int-4}
  1933 | D        | Killed a flayed ghost
  1934 | D        | Reached skill level 15 in Armour
  1934 | D        | Reached skill level 15 in Shields
  1934 | D        | Reached skill level 15 in Invocations
  1934 | D        | Killed a hell knight
  1935 | D        | Reached XP level 13. HP: 41/94 MP: 0/0
  1935 | D        | Learned a level 5 spell: Manifold Assault
  2076 | D        | Found a transporter.
  2088 | D        | Got the +11 broad axe "Ypodgh" {spect, Will+}
  2097 | D        | Entered arena 16.
  2098 | D        | Noticed a reaper
  2098 | D        | Noticed a reaper
  2098 | D        | Noticed a reaper
  2099 | D        | Noticed a reaper
  2099 | D        | Noticed a reaper
  2099 | D        | Identified the +2 short sword of Contention {drain, Int+4}
  2100 | D        | Killed a reaper
  2101 | D        | Killed a reaper
  2101 | D        | Killed a reaper
  2101 | D        | Killed a reaper
  2101 | D        | Killed a reaper
  2102 | D        | Reached skill level 10 in Fighting
  2232 | D        | Found a transporter.
  2263 | D        | Entered arena 17.
  2365 | D        | Noticed a great orb of eyes
  2365 | D        | Noticed a rockslime
  2368 | D        | Killed a great orb of eyes
  2388 | D        | Killed a rockslime
  2400 | D        | Found a transporter.
  2408 | D        | Got the ring "Icirrila" {rN+ MP+9}
  2430 | D        | Entered arena 18.
  2432 | D        | Noticed an anaconda
  2433 | D        | Noticed a nagaraja
  2435 | D        | Killed an anaconda
  2435 | D        | Noticed a nagaraja
  2436 | D        | Reached XP level 14. HP: 93/106 MP: 0/0
  2438 | D        | Killed a nagaraja
  2444 | D        | Killed a nagaraja
  2641 | D        | Found the amulet of the Four Winds {rN+ Will+++ Clar}
  2642 | D        | Found a transporter.
  2693 | D        | Entered arena 19.
  3180 | D        | Found a transporter.
  3226 | D        | Entered arena 20.
  3230 | D        | Noticed a lich
  3230 | D        | Noticed a stone giant
  3230 | D        | Noticed a shadow dragon
  3230 | D        | Identified the ring "Jurchis" {rC+ rCorr EV+4 Dex-4}
  3230 | D        | Identified the ring "Tomm" {rF+ rCorr}
  3230 | D        | Identified the +7 quarterstaff "Pyllyliv" {spect, rElec}
  3231 | D        | Noticed a stone giant
  3231 | D        | Noticed a lich
  3231 | D        | Identified the amulet of Syeworhe {RegenMP *Corrode rF++
                  | SInv Stlth+}
  3231 | D        | Noticed a stone giant
  3232 | D        | Killed a stone giant
  3232 | D        | Killed a stone giant
  3233 | D        | Killed a lich
  3233 | D        | Killed a lich
  3234 | D        | Reached XP level 15. HP: 104/118 MP: 0/0
  3234 | D        | Learned a level 6 spell: Simulacrum
  3234 | D        | Killed a shadow dragon
  3236 | D        | Killed a stone giant
  3237 | D        | Reached skill level 15 in Fighting
  3535 | D        | Found a transporter.
  3593 | D        | Entered arena 21.
  3596 | D        | Noticed a stone giant
  3596 | D        | Noticed a quicksilver dragon
  3596 | D        | Noticed a quicksilver dragon
  3596 | D        | Noticed a quicksilver dragon
  3597 | D        | Noticed a quicksilver dragon
  3597 | D        | Noticed a stone giant
  3597 | D        | Noticed a stone giant
  3597 | D        | Noticed a quicksilver dragon
  3597 | D        | Noticed an iron dragon
  3598 | D        | Killed a stone giant
  3598 | D        | Killed a stone giant
  3598 | D        | Killed a quicksilver dragon
  3599 | D        | Killed a quicksilver dragon
  3599 | D        | Killed a quicksilver dragon
  3599 | D        | Killed a quicksilver dragon
  3599 | D        | Killed a stone giant
  3599 | D        | Noticed an iron dragon
  3600 | D        | Killed a quicksilver dragon
  3600 | D        | Noticed a quicksilver dragon
  3600 | D        | Noticed a quicksilver dragon
  3601 | D        | Noticed a quicksilver dragon
  3603 | D        | Killed a quicksilver dragon
  3603 | D        | Killed a quicksilver dragon
  3603 | D        | Killed an iron dragon
  3603 | D        | Noticed a quicksilver dragon
  3604 | D        | Reached XP level 16. HP: 60/129 MP: 0/0
  3604 | D        | Killed a quicksilver dragon
  3607 | D        | Killed a quicksilver dragon
  3608 | D        | Killed an iron dragon
  3963 | D        | Found a transporter.
  3969 | D        | Got the +1 pair of gloves of Dithmenos's Respect {Str+2
                  | SInv}
  3982 | D        | Got the amulet of Buvusmes {Acrobat rPois Int+2}
  3988 | D        | Got the ring of Beauty {Fly rElec}
  4048 | D        | Entered arena 22.
  4051 | D        | Noticed an acid blob
  4051 | D        | Noticed an azure jelly
  4052 | D        | Noticed an azure jelly
  4052 | D        | Noticed an azure jelly
  4053 | D        | Noticed a rockslime
  4053 | D        | Noticed an azure jelly
  4053 | D        | Noticed a rockslime
  4054 | D        | Killed an acid blob
  4054 | D        | Killed an azure jelly
  4054 | D        | Killed an azure jelly
  4054 | D        | Killed an azure jelly
  4054 | D        | Killed an azure jelly
  4054 | D        | Noticed an acid blob
  4056 | D        | Killed a rockslime
  4057 | D        | Killed an acid blob
  4059 | D        | Killed a rockslime
  4071 | D        | Found a transporter.
  4080 | D        | Got the ring "Qus Tor" {rN+ rCorr Str+4 SInv}
  4085 | D        | Got the ring "Plog" {EV+4 Dex+4}
  4102 | D        | Got the ring "Ypheyps" {rF+ rN+ Will+ Str+3}
  4154 | D        | Entered arena 23.
  4159 | D        | Identified the +5 scale mail "Fusyz" {Fly Dex+3}
  4162 | D        | Reached XP level 17. HP: 113/139 MP: 0/0
  4162 | D        | Learned a level 7 spell: Spellforged Servitor
  4689 | D        | Found a transporter.
  4762 | D        | Entered arena 24.
  5095 | D        | Found a transporter.
  5103 | D        | Got the ring "Irribyoh" {rCorr Str+4 Stlth+}
  5120 | D        | Got the ring of Fipagats {rC+ rCorr Str+6}
  5159 | D        | Got the amulet of Contentment {Spirit Harm Will+ Dex+4}
  5161 | D        | Got the ring of the Evening {Fire Dex+5 Slay-4}
  5163 | D        | Got the ring of the City {Ice Int+2}
  5179 | D        | Entered arena 25.
  5197 | D        | Paralysed by an air elemental for 1 turns
  5199 | D        | Noticed an electric golem
  5200 | D        | Paralysed by an air elemental for 1 turns
  5202 | D        | Noticed an electric golem
  5203 | D        | Noticed a storm dragon
  5205 | D        | Noticed an electric golem
  5206 | D        | Killed an electric golem
  5206 | D        | Killed a storm dragon
  5207 | D        | Paralysed by an air elemental for 1 turns
  5208 | D        | Noticed an electric golem
  5209 | D        | Noticed a storm dragon
  5209 | D        | Noticed a storm dragon
  5209 | D        | Noticed an electric golem
  5209 | D        | Noticed a titan
  5210 | D        | Killed an electric golem
  5210 | D        | Killed a storm dragon
  5210 | D        | Killed an electric golem
  5210 | D        | Killed a storm dragon
  5210 | D        | Killed an electric golem
  5210 | D        | Noticed a storm dragon
  5211 | D        | Reached XP level 18. HP: 58/153 MP: 0/0
  5213 | D        | Paralysed by an air elemental for 1 turns
  5214 | D        | Noticed a titan
  5215 | D        | Killed an electric golem
  5215 | D        | Noticed a titan
  5215 | D        | Noticed a titan
  5216 | D        | Identified the ring "Noepleck" {rCorr Str-3 Int+4 Dex+6}
  5216 | D        | Noticed a titan
  5217 | D        | Noticed a titan
  5217 | D        | Noticed a titan
  5217 | D        | Noticed an electric golem
  5217 | D        | Paralysed by an air elemental for 1 turns
  5218 | D        | Killed a titan
  5218 | D        | Killed a titan
  5218 | D        | Killed a titan
  5218 | D        | Killed an electric golem
  5218 | D        | Killed a titan
  5218 | D        | Killed a titan
  5221 | D        | Killed a titan
  5222 | D        | Killed a titan
  5758 | D        | Found a transporter.
  5842 | D        | Entered arena 26.
  5850 | D        | Noticed a titan
  5850 | D        | Noticed a titan
  5850 | D        | Noticed a titan
  5851 | D        | Noticed a titan
  5851 | D        | Noticed a titan
  5851 | D        | Found the +0 pair of fencer's gloves {Riposte Dex+3}
  5851 | D        | Identified the ring of Lady Luck {rF+ Int+3 Dex+6}
  5852 | D        | Noticed a titan
  5852 | D        | Noticed a titan
  5852 | D        | Identified the +9 whip of Conscience {elec, Will+ Str+4}
  5852 | D        | Noticed a titan
  5853 | D        | Killed a titan
  5853 | D        | Killed a titan
  5853 | D        | Noticed a titan
  5854 | D        | Reached skill level 27 in Dodging
  5854 | D        | Reached XP level 19. HP: 118/166 MP: 0/0
  5854 | D        | Learned a level 6 spell: Invisibility
  5854 | D        | Killed a titan
  5854 | D        | Killed a titan
  5854 | D        | Killed a titan
  5854 | D        | Killed a titan
  5854 | D        | Killed a titan
  5857 | D        | Killed a titan
  5857 | D        | Killed a titan
  5857 | D        | Noticed a titan
  5858 | D        | Reached skill level 27 in Armour
  5858 | D        | Reached skill level 27 in Shields
  5858 | D        | Reached skill level 27 in Invocations
  5858 | D        | Reached XP level 20. HP: 86/176 MP: 0/0
  5860 | D        | Found the +2 robe of Vines {NoPotionHeal Regen+++}
  6123 | D        | Found a transporter.
  6178 | D        | Entered arena 27.
  6184 | D        | Noticed a juggernaut
  6185 | D        | a juggernaut changed into a titan
  6187 | D        | Reached skill level 27 in Fighting
  6188 | D        | Noticed a juggernaut
  6189 | D        | Noticed an iron giant
  6189 | D        | a juggernaut changed into an iron giant
  6189 | D        | Noticed a golden dragon
  6189 | D        | an iron giant changed into a golden dragon
  6189 | D        | Noticed a shard shrike
  6191 | D        | Reached skill level 5 in Maces & Flails
  6191 | D        | Reached skill level 5 in Spellcasting
  6191 | D        | Killed a golden dragon
  6191 | D        | a shard shrike changed into a titan
  6191 | D        | Noticed a shard shrike
  6192 | D        | Noticed a juggernaut
  6195 | D        | Noticed a juggernaut
  6195 | D        | a shard shrike changed into a juggernaut
  6196 | D        | Found the +10 morningstar "Eos" {elec, Halo rElec}
  6199 | D        | Killed a juggernaut
  6200 | D        | Noticed a golden dragon
  6200 | D        | a juggernaut changed into a golden dragon
  6204 | D        | a golden dragon changed into a shadow dragon
  6219 | D        | Noticed a shard shrike
  6219 | D        | a titan changed into a shard shrike
  6231 | D        | Noticed a juggernaut
  6231 | D        | a shard shrike changed into a juggernaut
  6234 | D        | Noticed a shard shrike
  6234 | D        | a juggernaut changed into a shard shrike
  6248 | D        | Noticed a juggernaut
  6248 | D        | a shard shrike changed into a juggernaut
  6249 | D        | Noticed a shard shrike
  6249 | D        | a juggernaut changed into a shard shrike
  6251 | D        | a shard shrike changed into a titan
  6256 | D        | Noticed a juggernaut
  6256 | D        | a titan changed into a juggernaut
  6259 | D        | Noticed a golden dragon
  6259 | D        | a juggernaut changed into a golden dragon
  6275 | D        | a golden dragon changed into a shadow dragon
  7023 | D        | Found a transporter.
  7029 | D        | Got the ring "Siah" {Contam rN+ MP+9 Slay+5}
  7045 | D        | Got the ring "Jiotruh" {rPois rC+ Int+6}
  7066 | D        | Got the ring "Turegh" {rPois rC+ Str+4 Dex-4}
  7141 | D        | Entered arena 28.
  7154 | D        | Reached skill level 15 in Maces & Flails
  7154 | D        | Reached XP level 21. HP: 180/187 MP: 0/0
  7154 | D        | Learned a level 7 spell: Monstrous Menagerie
  7154 | D        | Identified the +2 robe "Juuxior" {rCorr Str+5 Stlth+}
  7156 | D        | Identified the +9 trident "Ciawn" {flame, rPois Int+4}
  7156 | D        | Paralysed by an air elemental for 1 turns
  7165 | D        | Identified the ring "Ovuatut" {rF+ rN+ EV+4}
  7172 | D        | Identified the +3 rapier "Mietisy" {flame, rElec Dex+8}
                  | (You took it off a deep elf sorcerer in the Dungeon)
  7710 | D        | Found a transporter.
  7723 | D        | Found the +3 pair of gauntlets of War {Slay+5}
  7789 | D        | Got the ring of Cowardice {rF++ Will+}
  7799 | D        | Got the amulet "Teir Toraest" {Acrobat Dex+4}
  7814 | D        | Got the Orb of Zot
  8353 | D        | Noticed a seraph
  8354 | D        | Killed a seraph
  8494 | D        | Noticed Keigh the pandemonium lord
  8518 | D        | Noticed a golden dragon
  8519 | D        | Killed Keigh the pandemonium lord
  8800 | D        | Noticed Nusauxu the pandemonium lord
  8800 | D        | Noticed a Tzitzimitl
  8800 | D        | Killed a Tzitzimitl
  8800 | D        | Killed Nusauxu the pandemonium lord
  8801 | D        | Reached XP level 22. HP: 180/194 MP: 0/0
  8820 | D        | Acquired 754 gold pieces
  8822 | D        | Acquired 1081 gold pieces
  8867 | D        | Reached XP level 23. HP: 65/201 MP: 0/0
  8867 | D        | Learned a level 7 spell: Ozocubu's Refrigeration
  8869 | D        | Escaped with the Orb!

Illustrated notes

Levels and vault maps discovered:
D:        sprint_v [room_start, room_1, room_2, room_3, room_4, room_5, room_6,
          room_7, room_8, room_9, room_10, room_11, room_12, room_13, room_14,
          room_15, room_16, room_17, room_18, room_19, room_20, room_21,
          room_22, room_23, room_24, room_25, room_26, room_27]

Skill      XL: |  1  2  3  4  5  6  7  8  9 10 11 12 13 14 15 16 17 18 19 20 21 |
---------------+----------------------------------------------------------------+-----
Armour         | 3 4 6 7 8 9 11 12 14 15 16 18 20 21 23 25 27 | 27.0
Dodging        | 4 5 7 8 9 10 12 13 15 16 17 19 21 23 25 27 | 27.0
Shields        | 3 4 6 7 8 9 11 12 14 15 16 18 20 21 23 25 27 | 27.0
Invocations    | 3 4 6 7 8 9 11 12 14 15 16 18 20 21 23 25 27 | 27.0
Fighting       | 6 9 11 14 16 18 21 23 25 27 | 27.0
Maces & Flails | 15 22 | 22.9
Spellcasting   | 14 21 | 21.5
Stealth        | |  1.5

Action                   |  1- 3 |  4- 6 |  7- 9 | 10-12 | 13-15 | 16-18 | 19-21 | 22-24 || total
-------------------------+-------+-------+-------+-------+-------+-------+-------+-------++-------
Melee: Shillelagh        |     9 |    11 |    20 |     6 |    27 |    42 |   125 |     9 ||   249
 Cast: Monstrous Menager |       |       |       |       |       |       |       |     1 ||     1
Invok: Upheaval          |       |       |    11 |    25 |     7 |    19 |    19 |     6 ||    87
       Disaster Area     |       |       |       |     8 |    18 |    13 |    14 |       ||    53
  Use: Potion            |       |       |       |       |     6 |     5 |     5 |     2 ||    18
       Scroll            |       |       |       |       |       |       |       |     6 ||     6
Armor: Plate armour      |     6 |    10 |    17 |     1 |     3 |    36 |    15 |       ||    88
Dodge: Dodged            |       |       |     2 |       |     7 |    31 |    25 |     1 ||    66
       Repelled          |       |       |       |       |     1 |     3 |     3 |       ||     7
Block: Kite shield       |    16 |    21 |    49 |    14 |    38 |    85 |   163 |     5 ||   391
